 Dungeon Crawl Stone Soup version 0.31.0-4-g52a2dc7128 (webtiles) character file.

Game seed: 14754229221756668907

53 gelatine the Trooper (level 3, -1/29 HPs)
             Began as a Demonspawn Fighter on Jan 21, 2024.
             Killed by divine providence
             ... invoked by an orc priest
              (11 damage)
             ... on level 3 of the Dungeon.
             The game lasted 00:02:42 (1302 turns).

gelatine the Trooper (Demonspawn Fighter)           Turns: 1302, Time: 00:02:42

Health: -1/29      AC:  7    Str: 18    XL:     3   Next: 64%
Magic:  3/3        EV:  9    Int:  8    God:
Gold:   184        SH:  4    Dex: 12    Spells: 2/2 levels left

rFire   . . .        a - +0 war axe
rCold   . . .        c - +0 buckler
rNeg    . . .        b - +0 scale mail
rPois   .            (no helmet)
rElec   .            (no cloak)
rCorr   .            j - +0 pair of gloves
SInv    +            (no boots)
Will    .....        (no amulet) Stlth
                     h - ring of see invisible
HPRegen 0.24/turn    (no ring)
MPRegen 0.08/turn

%: no passive effects
@: no status effects
A: powered by death 1, weakness stinger 1
a: no special abilities


You were on level 3 of the Dungeon.
You visited 1 branch of the dungeon, and saw 3 of its levels.

You collected 184 gold pieces.

Inventory:

Hand Weapons
 a - a +0 war axe (weapon)
Armour
 b - a +0 scale mail (worn)
 c - a +0 buckler (worn)
 j - a +0 pair of gloves (worn)
Jewellery
 h - a ring of see invisible (left hand)
Scrolls
 f - 4 scrolls of blinking {unknown}
 g - a scroll of fog {unknown}
 k - a scroll of fear {unknown}
 l - 2 scrolls of noise {unknown}
 m - 2 scrolls of teleportation {unknown}
Potions
 d - a potion of might
 e - 2 potions of heal wounds {unknown}
 i - a potion of attraction {unknown}


   Skills:
 + Level 3.2 Fighting
 + Level 2.8 Axes
 + Level 3.0 Armour
 + Level 0.2 Dodging
 + Level 3.0 Shields


You had 2 spell levels left.
You didn't know any spells.
Your spell library contained the following spells:

 Spells                   Type           Power      Damage    Failure   Level
 Necrotise                Necr           0%         1d4       86%         1
 Vampiric Draining        Necr           0%         2d6       99%         3
 Martyr's Knell           Necr/Summ      0%         N/A       100%        4
 Curse of Agony           Necr           0%         N/A       100%        5


Dungeon Overview and Level Annotations

Branches:
Dungeon (3/15)

Altars:
Qazlal


Innate Abilities, Weirdness & Mutations

You regenerate a little health from kills.
You have a small tail.


Message History

You kill the quokka!
You see here a quokka corpse.
You now have 184 gold pieces (gained 9).
You don't know any spells.
Okay, then.
An orc priest and an orc come into view.
The orc is wielding a +0 flail and wearing a +2 leather armour of willpower.
The orc priest shouts!
The orc shouts!
You hear a shout!
An orc comes into view. It is wielding a +0 club.
The orc shouts!
You hear a shout! x2
An orc comes into view. It is wielding a +0 mace.
The orc shouts!
You closely miss the orc priest.
The orc priest begins to cast a cantrip, but forgets the words!
You closely miss the orc priest. The orc priest hits you with a +0 whip.
An orc wizard comes into view. It is wielding a +2 dagger of venom.
The orc priest hits you with a +0 whip.
You closely miss the orc priest. You tail-slap the orc priest.
The orc priest is moderately wounded.
You hit the orc.
The orc is heavily wounded.
The orc priest looks encouraged for a moment.
The orc hits you but does no damage.
The orc priest looks satisfied for a moment.
You slash the orc!
You kill the orc!
You hit the orc priest.
The orc priest is heavily wounded.
You block the orc priest's attack.
You closely miss the orc priest.
The orc priest is heavily wounded.
The orc priest calls down the wrath of Beogh upon you.
Beogh smites you!
Ouch! That really hurt!
You block the orc priest's attack.
You barely miss the orc priest. You tail-slap the orc priest.
The orc priest is severely wounded.
The orc priest mumbles some strange prayers to Beogh against you.
Beogh smites you!
You die...

#.#..###.###..### ####.#..#
#.# #..##. #....#..# #.#
#..##. #.####..# #.# #..##.
#.# #..# #.###..##.
...#####.####..###.##...##.
.......†...##..............
##.............###.###.....
#.#####.#@##### #.# ##.##.
#.#o# #.# #.##. #.#o# #..
..### ...o$ ..# #### #.#.#
#.# #.#.# #.# #.# #..


You could see an orc priest, an orc wizard and an orc.

Vanquished Creatures
  An adder (D:2)
  A dart slug (D:1)
  A ribbon worm (D:3)
  An orc (D:3)
  4 endoplasms
  A giant cockroach (D:1)
  2 goblins (D:2)
  4 hobgoblins
  2 quokkas
  5 ball pythons
  4 bats
  5 frilled lizards
  4 kobolds
  6 rats
41 creatures vanquished.

Notes
Turn   | Place    | Note
-------+----------+-------------------------------------------
     0 | D:1      | gelatine the Demonspawn Fighter began the quest for the
                  | Orb.
     0 | D:1      | Reached XP level 1. HP: 18/18 MP: 1/1
   183 | D:1      | Gained mutation: You have a small tail. [demonic ancestry]
   183 | D:1      | Reached XP level 2. HP: 22/24 MP: 2/2
   870 | D:2      | Gained mutation: You regenerate a little health from kills.
                  | [demonic ancestry]
   870 | D:2      | Reached XP level 3. HP: 22/29 MP: 3/3
  1218 | D:3      | Found a stormy altar of Qazlal.
  1302 | D:3      | Killed from afar by an orc priest

Illustrated notes

Levels and vault maps discovered:
D:1:      dpeg_chamrin_arrival_tetris, layout_loops_ring
D:2:      layout_basic, minmay_misc_feat_pillars, due_unseen_surprise
D:3:      layout_loops_ring, mainiacjoe_overflow_chevrons, serial_bayou,
          serial_bayou_lagoon_b, serial_bayou_ford_a, serial_bayou_lake_a,
          serial_bayou_shore_b

Skill      XL: |  1  2  3 |
---------------+----------+-----
Axes           | 2 |  2.8
Armour         | 3 |  3.0
Shields        | 3 |  3.0
Fighting       | |  3.2
Dodging        | |  0.2

Action                     || total
---------------------------++-------
  Melee: War axe           ||    95
         Tailslap          ||     6
 Armour: Scale mail        ||    72
  Dodge: Dodged            ||    39
  Block: Buckler           ||    27
